[Event "Titled Tuesday Blitz March 15 Late 2022"]
[White "Barp, Alberto"]
[Black "Romanchuk, Viktor"]
[WhiteFideId "872555"]
[BlackFideId "14109271"]
[WhiteElo "2229"]
[BlackElo "2242"]
[Result "1/2-1/2"]
[Round "11"]
[TimeControl "180+1"]
[Date "2022.03.15"]
[WhiteClock "0:00:07"]
[BlackClock "0:00:04"]

1. d4 d5 2. c4 c6 3. cxd5 cxd5 4. Bf4 Nf6 5. e3 Nc6 6. Nc3 Bf5 7. Nf3 e6 8. Bb5 Rc8 9. Ne5 Qb6 10. Qb3 Be7 11. Bxc6+ bxc6 12. O-O O-O 13. Qxb6 axb6 14. Na4 Bd8 15. Rfc1 c5 16. dxc5 bxc5 17. Rxc5 Ra8 18. Nc3 Nh5 19. g4 Nxf4 20. gxf5 Nh5 21. fxe6 fxe6 22. Rc6 Re8 23. a4 Rb8 24. Nb5 Nf6 25. Rac1 Ne4 26. Rc8 Bf6 27. Rxb8 Rxb8 28. Nd3 Nd2 29. Rc6 e5 30. Nb4 d4 31. Nd5 dxe3 32. fxe3 Bg5 33. Kf2 h5 34. Ke2 Ne4 35. Kd3 Nf2+ 36. Kc4 Ng4 37. e4 Nxh2 38. a5 Bh4 39. a6 Bf2 40. a7 Bxa7 41. Nxa7 Rxb2 42. Re6 Ng4 43. Nc6 h4 44. Nxe5 Nxe5+ 45. Rxe5 h3 46. Rh5 h2 47. Kc3 Ra2 48. e5 Kf7 49. Nf4 g6 50. Rh7+ Kg8 51. Rh3 Rf2 52. Nxg6 Rf3+ 53. Rxf3 h1=Q 54. Re3 Qc6+ 55. Kd4 Qxg6 56. e6 Kf8 57. Re5 Ke7 58. Kd5 Qd3+ 59. Kc5 Qc3+ 60. Kd5 Qd3+ 61. Kc5 Qc3+ 62. Kd5 Qa5+ 63. Ke4 Qb4+ 64. Kf5 Qb1+ 65. Re4 Qxe4+ 66. Kxe4 Kxe6 1/2-1/2


[Site "https://www.chess.com"]

[Event "Titled Tuesday Blitz March 15 Late 2022"]
[White "Bilych, Olexiy"]
[Black "Lysyj, Igor"]
[WhiteFideId "14156504"]
[BlackFideId "4150120"]
[WhiteElo "2176"]
[BlackElo "2611"]
[Result "0-1"]
[Round "11"]
[TimeControl "180+1"]
[Date "2022.03.15"]
[WhiteClock "0:00:16"]
[BlackClock "0:00:13"]

1. e4 e5 2. Nf3 Nc6 3. Bc4 Bc5 4. c3 Nf6 5. d3 d6 6. O-O h6 7. Nbd2 O-O 8. b4 Bb6 9. a4 a5 10. b5 Ne7 11. Ba3 Ng6 12. d4 Re8 13. Qb3 Be6 14. Bxe6 Rxe6 15. Rfe1 Qd7 16. Rad1 Ree8 17. Nc4 Qe6 18. d5 Qd7 19. Bxd6 Bxf2+ 20. Kxf2 cxd6 21. Nb6 Qc7 22. Nxa8 Qc5+ 23. Kf1 Rxa8 24. b6 Ng4 25. Rd2 Ne3+ 26. Kg1 Nc2+ 27. Rf2 Nxe1 28. Nxe1 Nf4 29. Kf1 Rc8 30. Qb5 Qa3 31. g3 Nh3 32. Rf3 Ng5 33. Re3 Qc1 34. Qd3 Rf8 35. h4 Nh7 36. Kg2 Nf6 37. Qe2 Nd7 38. Rf3 Nc5 39. Qc2 Qxc2+ 40. Nxc2 Nxa4 41. Na3 Rc8 42. Nb5 Nxb6 43. Nxd6 Ra8 44. Nxf7 a4 45. Nxe5 a3 46. Rf1 a2 47. Ra1 Ra3 48. d6 Kf8 49. c4 Ke8 50. c5 Nd7 51. Nc4 Ra4 52. Nd2 Nxc5 53. e5 Kd7 54. Kf2 Ke6 55. Ke2 Kxe5 56. d7 Nxd7 57. Kd3 Nc5+ 58. Kc3 Kd5 59. Rd1 a1=Q+ 60. Rxa1 Rxa1 61. Kb2 Rg1 62. Nf3 Rxg3 63. Nd2 b5 64. h5 b4 65. Kc2 Rg2 66. Kd1 Rxd2+ 67. Kxd2 Kc4 68. Kc2 b3+ 69. Kb2 Nd3+ 70. Kb1 Kc3 71. Ka1 Nf4 72. Kb1 Nxh5 73. Kc1 g5 74. Kb1 g4 75. Kc1 g3 76. Kd1 g2 77. Ke2 g1=Q 78. Kf3 Qg3+ 79. Ke4 Qf4+ 0-1


[Site "https://www.chess.com"]

[Event "Titled Tuesday Blitz March 15 Late 2022"]
[White "Bluebaum, Matthias"]
[Black "Dubov, Daniil"]
[WhiteFideId "24651516"]
[BlackFideId "24126055"]
[WhiteElo "2550"]
[BlackElo "2791"]
[Result "0-1"]
[Round "11"]
[TimeControl "180+1"]
[Date "2022.03.15"]
[WhiteClock "0:00:09"]
[BlackClock "0:00:18"]

1. b3 e5 2. Bb2 Nc6 3. e3 g6 4. Nf3 Bg7 5. d4 e4 6. Nfd2 f5 7. c4 Nh6 8. Be2 O-O 9. h4 f4 10. Nxe4 fxe3 11. fxe3 Nf5 12. Qd2 Bh6 13. Rh3 Nxh4 14. Nbc3 d5 15. Rh2 dxe4 16. O-O-O Nf5 17. Rxh6 Nxh6 18. d5 Bf5 19. Rh1 Ne5 20. Rxh6 Qg5 21. Rh1 Qxg2 22. Rd1 Nd3+ 23. Bxd3 Qxd2+ 24. Rxd2 exd3 25. e4 Bg4 26. Rxd3 Rf1+ 27. Kc2 Rf2+ 28. Kb1 h5 29. Rg3 Rf1+ 30. Kc2 Raf8 31. b4 R8f3 32. Rxf3 Rxf3 33. Nb5 Rf2+ 34. Kb3 Rxb2+ 35. Kxb2 h4 36. Nxc7 h3 37. Ne8 Kf7 38. Nd6+ Kf8 39. c5 h2 40. c6 bxc6 41. dxc6 h1=Q 42. c7 Qh2+ 43. Ka3 Qxd6 44. Ka4 Bc8 45. Ka5 Qa6# 0-1


[Site "https://www.chess.com"]

[Event "Titled Tuesday Blitz March 15 Late 2022"]
[White "Borodavkin, Anatoly"]
[Black "Fiorito, Fabian"]
[WhiteFideId "14150662"]
[BlackFideId "100200"]
[WhiteElo "1845"]
[BlackElo "2395"]
[Result "0-1"]
[Round "11"]
[TimeControl "180+1"]
[Date "2022.03.16"]
[WhiteClock "0:00:03"]
[BlackClock "0:01:30"]

1. e4 c5 2. Nc3 Nc6 3. g3 g6 4. Bg2 Bg7 5. d3 e6 6. Be3 b6 7. f4 Nge7 8. e5 O-O 9. Ne4 Nf5 10. Bf2 h5 11. h3 Bb7 12. Nf3 d5 13. exd6 Nxd6 14. Rb1 Nxe4 15. dxe4 Qxd1+ 16. Rxd1 Bxb2 17. O-O Nb4 18. e5 Rfd8 19. a4 Nxc2 20. g4 hxg4 21. hxg4 Ba3 22. Bh4 Rxd1 23. Rxd1 Bd5 24. Rd3 Bb4 25. Ng5 Bxg2 26. Kxg2 c4 27. Rd7 Rf8 28. Ne4 Ne3+ 29. Kf3 Nd5 30. f5 exf5 31. gxf5 gxf5 32. Rxd5 fxe4+ 33. Kxe4 c3 34. Kd3 Rc8 35. Kc2 Rc4 36. Bf6 Re4 37. Rd3 Re2+ 38. Kb3 Rb2+ 0-1


[Site "https://www.chess.com"]

[Event "Titled Tuesday Blitz March 15 Late 2022"]
[White "Cagara, Paulina"]
[Black "Piliczewski, Bogusz"]
[WhiteFideId "1124870"]
[BlackFideId "1104144"]
[WhiteElo "1780"]
[BlackElo "1896"]
[Result "0-1"]
[Round "11"]
[TimeControl "180+1"]
[Date "2022.03.16"]
[WhiteClock "0:00:25"]
[BlackClock "0:00:03"]

1. e4 c6 2. d4 d5 3. exd5 cxd5 4. Bd3 Nc6 5. c3 Nf6 6. h3 g6 7. Nf3 Bg7 8. O-O O-O 9. Bf4 a6 10. Nbd2 Be6 11. Re1 Rc8 12. Ne5 Nd7 13. Nxd7 Qxd7 14. Nf3 Bf5 15. Ne5 Nxe5 16. Bxe5 Bxd3 17. Qxd3 f6 18. Bg3 Rce8 19. Rad1 Rd8 20. Qe3 Rfe8 21. Qe6+ Qxe6 22. Rxe6 Kf7 23. Rde1 Rd7 24. Kf1 Rc8 25. R1e3 Rc6 26. Rxc6 bxc6 27. b4 Rd8 28. Ke2 Re8 29. Kd3 e5 30. dxe5 fxe5 31. Re1 e4+ 32. Kc2 Re6 33. Bf4 Rf6 34. Be3 Rf5 35. Kb3 Ke6 36. Ka4 Bxc3 37. Rc1 d4 38. g4 Rf3 39. Bg5 Rxf2 40. a3 Ra2 41. Rf1 Bb2 42. Rf6+ Ke5 43. Kb3 Rxa3+ 44. Kxb2 Rc3 45. Rf7 Rc4 46. Kb3 Rc3+ 47. Kb2 Rxh3 48. Re7+ Kd5 49. Rd7+ Kc4 50. Re7 Rh2+ 51. Kc1 Kd3 52. Rd7 Rh1+ 53. Kb2 Rh2+ 54. Kb3 Rh1 55. Bf6 Rb1+ 56. Ka2 Rxb4 57. g5 Rc4 58. Kb3 Rc3+ 59. Kb2 Rc2+ 60. Kb1 Rc4 61. Kb2 e3 62. Kb3 e2 63. Re7 Rc3+ 64. Kb2 Rc2+ 65. Kb3 Rd2 66. Rd7 e1=Q 67. Rxd4+ Ke2 68. Re4+ Kd1 69. Rxe1+ Kxe1 70. Bc3 c5 71. Kc4 Ke2 72. Bxd2 Kxd2 73. Kxc5 Ke3 74. Kb6 Kf4 75. Kxa6 Kxg5 76. Kb5 h5 77. Kc4 Kf4 78. Kd4 h4 79. Kd3 Kf3 80. Kd2 Kf2 81. Kd3 h3 82. Ke4 h2 83. Kf4 h1=Q 84. Kg5 Qg2+ 85. Kh6 Kf3 86. Kh7 Kf4 87. Kg7 Kf5 88. Kf7 Qb7+ 89. Kg8 Kf6 90. Kh8 Qg7# 0-1


[Site "https://www.chess.com"]

[Event "Titled Tuesday Blitz March 15 Late 2022"]
[White "Chen, Justin"]
[Black "Rastbod, Ali"]
[WhiteFideId "2098199"]
[BlackFideId "12567477"]
[WhiteElo "2506"]
[BlackElo "2200"]
[Result "0-1"]
[Round "11"]
[TimeControl "180+1"]
[Date "2022.03.15"]
[WhiteClock "0:00:01"]
[BlackClock "0:00:56"]

1. Nf3 d5 2. e3 Nf6 3. c4 e6 4. Nc3 Be7 5. b3 O-O 6. Bb2 b6 7. cxd5 exd5 8. d4 Re8 9. g3 Bf5 10. Bg2 c6 11. O-O Nbd7 12. Rc1 Rc8 13. Qe2 h6 14. Rfd1 Bb4 15. Qa6 Rc7 16. Ne5 Nxe5 17. dxe5 Bxc3 18. Bxc3 Ne4 19. Bb2 Nc5 20. Qe2 Qc8 21. b4 Ne4 22. f3 Ng5 23. h4 Nh7 24. Kh2 Nf8 25. g4 Be6 26. e4 dxe4 27. Qxe4 Bd5 28. Qf4 Ne6 29. Qg3 Rd8 30. a3 g5 31. Rd2 Nf4 32. Rcd1 Qe6 33. Bc1 Rcd7 34. Rd4 Ne2 35. Qf2 Nxd4 36. Qxd4 Bxf3 0-1


[Site "https://www.chess.com"]

[Event "Titled Tuesday Blitz March 15 Late 2022"]
[White "Chiu, Isaac"]
[Black "Brunner, Nicolas"]
[WhiteFideId "30900654"]
[BlackFideId "620246"]
[WhiteElo "2117"]
[BlackElo "2372"]
[Result "0-1"]
[Round "11"]
[TimeControl "180+1"]
[Date "2022.03.16"]
[WhiteClock "0:00:06"]
[BlackClock "0:00:04"]

1. b3 e5 2. Bb2 Nc6 3. e3 Nf6 4. Nf3 e4 5. Nd4 Nxd4 6. Bxd4 Be7 7. c4 O-O 8. d3 exd3 9. Bxd3 d5 10. cxd5 Nxd5 11. a3 c5 12. Bb2 Bf6 13. Bxf6 Qxf6 14. Ra2 Be6 15. O-O Rac8 16. Rd2 Rfd8 17. Qc2 g6 18. Rfd1 Kg7 19. Be4 Qe5 20. Bxd5 Rxd5 21. Rxd5 Bxd5 22. Nc3 Be6 23. h3 a6 24. a4 b6 25. Ne2 c4 26. b4 c3 27. Rd4 Bf5 28. e4 Be6 29. f3 a5 30. bxa5 Qxa5 31. Rd3 Rc4 32. Rxc3 Qxa4 33. Rxc4 Qxc4 34. Qb2+ Kg8 35. Nd4 Qc5 36. Kh2 Bc4 37. f4 b5 38. e5 b4 39. Nf3 b3 40. f5 gxf5 41. Qd2 Qe7 42. Qd4 Be6 43. Qb6 h6 44. Nd4 Bd5 45. Qb8+ Kh7 46. Nxf5 Qe6 47. Nd4 Qg6 48. g4 Qe4 49. Kg3 Qxd4 50. Qf8 Qxe5+ 51. Kh4 Qg5+ 52. Kg3 Qe3+ 53. Kh4 Qf2+ 54. Kh5 Qf6 55. h4 Qg6# 0-1


[Site "https://www.chess.com"]

[Event "Titled Tuesday Blitz March 15 Late 2022"]
[White "Clawitter, Craig"]
[Black "Hoffmann, Asa"]
[WhiteFideId "2023105"]
[BlackFideId "2001470"]
[WhiteElo "2247"]
[BlackElo "2117"]
[Result "0-1"]
[Round "11"]
[TimeControl "180+1"]
[Date "2022.03.16"]
[WhiteClock "0:00:02"]
[BlackClock "0:01:13"]

1. e4 d6 2. d4 Nf6 3. Nc3 c6 4. f4 Qa5 5. e5 Ne4 6. Qf3 Bf5 7. Bd3 d5 8. Ne2 h5 9. O-O Bg4 10. Qe3 Bxe2 11. Qxe2 Nxc3 12. Qe1 e6 13. bxc3 g6 14. f5 gxf5 15. Bg5 Nd7 16. Bxf5 Rg8 17. Bh4 c5 18. Bxe6 fxe6 19. Qe2 Rh8 20. Qf3 Rh7 21. Qg3 Re7 22. Qg6+ Kd8 23. Rf7 Qxc3 24. Bxe7+ Bxe7 0-1


[Site "https://www.chess.com"]

[Event "Titled Tuesday Blitz March 15 Late 2022"]
[White "Demchenko, Anton"]
[Black "Taichman, Ori"]
[WhiteFideId "4160258"]
[BlackFideId "2804069"]
[WhiteElo "2539"]
[BlackElo "2227"]
[Result "1-0"]
[Round "11"]
[TimeControl "180+1"]
[Date "2022.03.15"]
[WhiteClock "0:00:07"]
[BlackClock "0:00:01"]

1. e4 c5 2. Nf3 Nc6 3. Bb5 d6 4. O-O Bd7 5. Re1 Nf6 6. c3 a6 7. Bf1 Bg4 8. d4 Bxf3 9. gxf3 e5 10. d5 Ne7 11. f4 Ng6 12. f5 Ne7 13. Bg5 Nd7 14. Nd2 f6 15. Bh4 g6 16. Bh3 Rg8 17. Kh1 Bh6 18. Nc4 Nc8 19. fxg6 hxg6 20. Be6 Rg7 21. a4 Bf4 22. Qg4 Ke7 23. a5 Nf8 24. Bg3 Bxg3 25. fxg3 b5 26. axb6 Nxb6 27. Na5 Qc7 28. Rf1 Nh7 29. Nc6+ Ke8 30. Qh4 Nd7 31. Qh6 Ndf8 32. Bg4 a5 33. Be2 Kf7 34. h4 Kg8 35. Qe3 g5 36. h5 g4 37. Rf5 Rg5 38. Rxg5+ Nxg5 39. Bxg4 Qh7 40. Re1 f5 41. exf5 Nd7 42. Qxg5+ Kh8 43. f6 Rg8 44. Qf5 Qxf5 45. Bxf5 Nxf6 46. g4 Nxg4 47. Rg1 Nf2+ 48. Kh2 Rf8 49. Bc2 e4 50. Re1 e3 51. Kg3 Rg8+ 52. Kf3 a4 53. Rxe3 Ng4 54. Re7 Nh2+ 55. Kf4 Rg4+ 56. Kf5 a3 57. bxa3 Rh4 58. Ke6 Nf3 59. Kxd6 Rxh5 60. Kxc5 Ng5 61. a4 Kg8 62. a5 Kf8 63. a6 Rh1 64. a7 Ra1 65. Rb7 Nf7 66. Rb8+ Kg7 67. a8=Q 1-0


[Site "https://www.chess.com"]

[Event "Titled Tuesday Blitz March 15 Late 2022"]
[White "Desideri, Ricardo Maruchi"]
[Black "Vargas Pereda, Jesus Manue"]
[WhiteFideId "2110440"]
[BlackFideId "5115710"]
[WhiteElo "1945"]
[BlackElo "1855"]
[Result "1-0"]
[Round "11"]
[TimeControl "180+1"]
[Date "2022.03.16"]
[WhiteClock "0:00:03"]
[BlackClock "0:00:59"]

1. e4 c5 2. Nf3 a6 3. d4 cxd4 4. Nxd4 Nf6 5. Bd3 e5 6. Nb3 d5 7. exd5 Nxd5 8. Bd2 Nc6 9. Nc3 Be6 10. Qe2 Qc7 11. a3 Be7 12. O-O O-O 13. Rae1 Bf6 14. Qe4 g6 15. Nxd5 Bxd5 16. Qxd5 Rad8 17. Qf3 Bg7 18. Bc3 f5 19. Qg3 b5 20. Nc5 Qd6 21. Nxa6 Nd4 22. Bxd4 exd4 23. Bxb5 Qb6 24. a4 Ra8 25. Nb4 Rxa4 26. Bxa4 Qxb4 27. Bb3+ Kh8 28. Qc7 d3 29. Re7 Qd4 30. c3 Qf6 31. Rfe1 h6 32. R7e6 Qg5 33. Re7 Qf6 34. Rd1 Ra8 35. g3 f4 36. Rxd3 fxg3 37. hxg3 Rf8 38. Rd2 h5 39. f4 h4 40. Rd8 Rxd8 41. Qxd8+ Kh7 42. Rxg7+ Qxg7 43. Qxh4+ Qh6 44. Qxh6+ Kxh6 45. c4 Kg7 46. c5 Kf8 47. c6 Ke8 48. Ba4 Kd8 49. b4 Kc7 50. b5 Kb6 51. Kf2 g5 52. Kf3 Kc7 53. fxg5 Kb6 54. g6 Kc7 55. g7 Kb6 56. g8=Q Ka5 57. Qa8+ Kb4 58. c7 Kc5 59. c8=Q+ Kd4 60. Qg4+ Ke5 61. Qae4+ Kd6 62. Qge6+ Kc5 63. Q4c6+ Kd4 64. Qec4+ Ke5 65. Q6e4+ Kd6 66. Qcd5+ Kc7 67. Qec4+ Kb6 68. Qdc6+ Ka5 69. Qa6# 1-0


[Site "https://www.chess.com"]

[Event "Titled Tuesday Blitz March 15 Late 2022"]
[White "Donatti, Alvaro"]
[Black "Eames, Robert S"]
[WhiteFideId "3000303"]
[BlackFideId "408743"]
[WhiteElo "2138"]
[BlackElo "2105"]
[Result "0-1"]
[Round "11"]
[TimeControl "180+1"]
[Date "2022.03.16"]
[WhiteClock "0:00:38"]
[BlackClock "0:00:33"]

1. e4 e6 2. d4 d5 3. e5 c5 4. c3 Nc6 5. Nf3 Qb6 6. a3 c4 7. g3 Na5 8. Nbd2 Bd7 9. Bg2 Ne7 10. O-O Nc8 11. Rb1 Qc7 12. b4 cxb3 13. Nxb3 Ba4 14. Nfd2 Nb6 15. Qg4 h5 16. Qf3 Nxb3 17. Nxb3 Nc4 18. Nc5 Bxc5 19. dxc5 O-O-O 20. Rb4 Bc6 21. Bg5 Nxe5 22. Qe2 f6 23. Bf4 g5 24. Bxe5 fxe5 25. c4 e4 26. a4 h4 27. Qg4 Rde8 28. Qxg5 hxg3 29. fxg3 Qh7 30. h3 d4 31. Qe5 d3 32. Rf4 d2 33. Rb1 e3 34. Rd1 Bxg2 35. Rh4 Qc2 36. Rxh8 Qxd1+ 37. Kxg2 Qe2+ 38. Kh1 d1=Q# 0-1


[Site "https://www.chess.com"]

[Event "Titled Tuesday Blitz March 15 Late 2022"]
[White "Drozdowski, Kacper"]
[Black "Tabatabaei, M. Amin"]
[WhiteFideId "1136720"]
[BlackFideId "12521213"]
[WhiteElo "2507"]
[BlackElo "2544"]
[Result "0-1"]
[Round "11"]
[TimeControl "180+1"]
[Date "2022.03.15"]
[WhiteClock "0:00:51"]
[BlackClock "0:00:36"]

1. e4 e6 2. d4 d5 3. Nd2 Be7 4. Ngf3 Nf6 5. Bd3 c5 6. exd5 Qxd5 7. dxc5 Qxc5 8. O-O O-O 9. Qe2 Qc7 10. Ne4 Nbd7 11. Bg5 h6 12. Bh4 b6 13. Nxf6+ Nxf6 14. Bxf6 Bxf6 15. Qe4 g6 16. Qxa8 Bb7 17. Qxa7 Ra8 18. Qxa8+ Bxa8 19. Nd2 Bxb2 20. Rab1 Be5 21. h3 Bd4 22. Be4 Bxe4 23. Nxe4 Qxc2 24. Nd6 Bxf2+ 25. Kh1 Qxa2 26. Ra1 Qe2 27. Ra8+ Kg7 28. Rfa1 Bd4 29. Ne8+ Kh7 30. Rb1 Qe4 31. Raa1 Bxa1 32. Rxa1 Qc6 33. Nf6+ Kg7 34. Ng4 h5 35. Nf2 b5 36. Rb1 Qc2 37. Rf1 b4 0-1


[Site "https://www.chess.com"]

[Event "Titled Tuesday Blitz March 15 Late 2022"]
[White "Elissalt Cardenas, Hector"]
[Black "Przybylski, Wojciech"]
[WhiteFideId "3500632"]
[BlackFideId "1117599"]
[WhiteElo "2159"]
[BlackElo "2133"]
[Result "0-1"]
[Round "11"]
[TimeControl "180+1"]
[Date "2022.03.16"]
[WhiteClock "0:00:01"]
[BlackClock "0:01:16"]

1. d4 d5 2. c4 dxc4 3. Nf3 Nf6 4. e3 e6 5. Bxc4 a6 6. Nc3 c5 7. O-O Nc6 8. a4 cxd4 9. exd4 Be7 10. Be3 O-O 11. Qe2 Nb4 12. Ne5 Bd7 13. f4 Nbd5 14. Nxd5 Nxd5 15. Bd2 Rc8 16. f5 Bg5 17. Bxg5 Qxg5 18. Nxd7 Rfd8 19. fxe6 Ne3 20. exf7+ Kh8 21. f8=Q+ Rxf8 22. Rxf8+ Rxf8 23. Nxf8 h5 24. Re1 Ng4 25. Qe8 b5 26. Bd3 Nf6 27. Qd8 Ng8 28. Ng6+ Kh7 29. Qxg8+ Kxg8 30. Re8+ Kf7 31. Re7+ Kf6 0-1


[Site "https://www.chess.com"]

[Event "Titled Tuesday Blitz March 15 Late 2022"]
[White "Estrada Nieto, Julian"]
[Black "Mogranzini, Roberto"]
[WhiteFideId "5101018"]
[BlackFideId "810894"]
[WhiteElo "2246"]
[BlackElo "2469"]
[Result "0-1"]
[Round "11"]
[TimeControl "180+1"]
[Date "2022.03.16"]
[WhiteClock "0:00:09"]
[BlackClock "0:00:57"]

1. e4 d5 2. exd5 Qxd5 3. Nc3 Qd8 4. g3 Bd7 5. Bg2 Bc6 6. Nf3 Nd7 7. O-O e6 8. d4 Ngf6 9. Qe2 Be7 10. Bg5 O-O 11. Rad1 Nd5 12. Nxd5 Bxd5 13. Bf4 b5 14. Rfe1 a6 15. h4 Qc8 16. h5 h6 17. Ne5 Bxg2 18. Kxg2 Nxe5 19. Bxe5 Rd8 20. Qg4 Bf8 21. Rd3 Qb7+ 22. Qf3 Qxf3+ 23. Kxf3 c5 24. dxc5 Rxd3+ 25. cxd3 Bxc5 26. Rc1 Bf8 27. g4 f6 28. Bf4 e5 29. Be3 Rd8 30. Ke4 Kf7 31. Rc6 Rd6 32. Rxd6 Bxd6 33. Kd5 Bf8 34. Kc6 g6 35. Kb7 f5 36. hxg6+ Kxg6 37. gxf5+ Kxf5 38. Kxa6 h5 39. f3 h4 40. Bf2 h3 41. Bg3 Bh6 42. Kxb5 Bf4 43. Bxf4 Kxf4 44. a4 h2 45. a5 h1=Q 46. a6 Qxf3 47. a7 0-1


[Site "https://www.chess.com"]

[Event "Titled Tuesday Blitz March 15 Late 2022"]
[White "Ezat, Mohamed"]
[Black "Fishbein, Mitch"]
[WhiteFideId "10600906"]
[BlackFideId "30922917"]
[WhiteElo "2386"]
[BlackElo "1939"]
[Result "1/2-1/2"]
[Round "11"]
[TimeControl "180+1"]
[Date "2022.03.15"]
[WhiteClock "0:00:06"]
[BlackClock "0:00:05"]

1. d4 Nf6 2. c4 g6 3. Nc3 Bg7 4. Nf3 O-O 5. g3 d6 6. Bg2 Nc6 7. O-O e5 8. d5 Nb8 9. c5 Na6 10. Bg5 Nxc5 11. Nd2 h6 12. Bxf6 Bxf6 13. Nce4 Nxe4 14. Nxe4 Bg7 15. Rc1 f5 16. Nd2 e4 17. Nc4 Bd7 18. a4 a6 19. b4 b5 20. Na5 bxa4 21. Nc6 Bxc6 22. Rxc6 Qd7 23. Qxa4 Rfb8 24. Rfc1 Bd4 25. e3 Bb6 26. h4 h5 27. Bf1 a5 28. b5 Qg7 29. R1c4 Re8 30. Qc2 Re7 31. Be2 Qe5 32. Ra4 Bxe3 33. fxe3 Qxg3+ 34. Kf1 Qxe3 35. Qc3 Qxc3 36. Rxc3 Kg7 37. Rca3 Kf6 38. Rxa5 Rxa5 39. Rxa5 Ke5 40. Bc4 Kd4 41. Ba2 Kc5 42. Ra8 Kxb5 43. Rg8 c6 44. Rb8+ Kc5 45. Rc8 Ra7 46. Rxc6+ Kd4 47. Rc2 f4 48. Kf2 g5 49. hxg5 Rg7 50. Rc4+ Ke5 51. Bb1 e3+ 52. Kf3 Kxd5 53. Ra4 Ke5 54. g6 d5 55. Rxf4 Rb7 56. Rf5+ Ke6 57. Bd3 e2 58. Kxe2 Rb2+ 59. Kf3 Rb3 60. Ke3 Rb7 61. Rxh5 Kf6 62. Rh7 Rxh7 63. gxh7 Kg7 64. Kd4 Kh8 65. Bg6 Kg7 66. Ke5 d4 67. Bd3 Kh8 68. Ke6 Kg7 69. Ke7 Kh8 70. Kf6 1/2-1/2


[Site "https://www.chess.com"]

[Event "Titled Tuesday Blitz March 15 Late 2022"]
[White "Farmani Anosheh, Armin"]
[Black "Mikhailov, Viacheslav"]
[WhiteFideId "24613240"]
[BlackFideId "4187369"]
[WhiteElo "2289"]
[BlackElo "2381"]
[Result "0-1"]
[Round "11"]
[TimeControl "180+1"]
[Date "2022.03.16"]
[WhiteClock "0:00:01"]
[BlackClock "0:00:21"]

1. e4 d6 2. d4 Nf6 3. Nc3 g6 4. Nf3 Bg7 5. Be2 O-O 6. O-O Bg4 7. h3 Bxf3 8. Bxf3 e5 9. dxe5 dxe5 10. Qxd8 Rxd8 11. Bg5 c6 12. Rad1 Na6 13. a3 Nc5 14. Be3 Ne6 15. Ne2 Bf8 16. Rxd8 Rxd8 17. Bxa7 Rd2 18. Rc1 Bh6 19. Be3 Bxe3 20. fxe3 Nxe4 21. Bxe4 Rxe2 22. Bd3 Rd2 23. Bc4 Nc5 24. b4 Ne4 25. a4 Nc3 26. a5 Kg7 27. Kh2 f5 28. a6 bxa6 29. Bxa6 Nd5 30. b5 cxb5 31. Bxb5 Nxe3 32. c4 Rxg2+ 33. Kh1 Rb2 34. Ba6 Rb6 35. Bb5 Kf6 36. Ba4 Rb4 37. Bb5 e4 38. Rc3 f4 39. Bc6 Ke5 40. c5 Rc4 41. Rxc4 Nxc4 42. Ba8 f3 0-1


[Site "https://www.chess.com"]

[Event "Titled Tuesday Blitz March 15 Late 2022"]
[White "Fishbein, Alexander"]
[Black "Urazayev, Arystanbek"]
[WhiteFideId "2000377"]
[BlackFideId "13709810"]
[WhiteElo "2442"]
[BlackElo "2393"]
[Result "0-1"]
[Round "11"]
[TimeControl "180+1"]
[Date "2022.03.15"]
[WhiteClock "0:00:01"]
[BlackClock "0:00:38"]

1. e4 c6 2. d4 d5 3. Nc3 dxe4 4. Nxe4 Bf5 5. Nc5 e5 6. Nxb7 Qb6 7. Nc5 exd4 8. Nb3 c5 9. Nf3 Nf6 10. Bd3 Bxd3 11. cxd3 Be7 12. O-O O-O 13. Re1 Nc6 14. Nfd2 Rfe8 15. Nc4 Qc7 16. Bd2 h5 17. h3 Bf8 18. Qf3 Rac8 19. Bf4 Qd7 20. Bg5 Nh7 21. Bh4 g6 22. Nbd2 f5 23. Bg3 Ng5 24. Qd1 Nf7 25. Qb3 Kh7 26. Nf3 Bh6 27. Nfe5 Ncxe5 28. Bxe5 f4 29. Bf6 f3 30. Ne5 Nxe5 31. Rxe5 Rxe5 32. Bxe5 fxg2 33. Kxg2 Re8 34. Bg3 Bg5 35. h4 Bf6 36. Rc1 Qc6+ 37. Kh2 Re7 38. Qc4 Qf3 39. Qxc5 Qxd3 40. Qd6 Qf5 41. Rc7 Rxc7 42. Qxc7+ Bg7 43. Qxa7 d3 44. Qe3 Qd5 45. Bf4 Bxb2 46. a4 Bc3 47. a5 d2 48. Qe7+ Bg7 49. Bxd2 Qxd2 50. Kg2 Qxa5 0-1


[Site "https://www.chess.com"]

[Event "Titled Tuesday Blitz March 15 Late 2022"]
[White "Gatterer, Florian"]
[Black "Ozates, Tuna"]
[WhiteFideId "811688"]
[BlackFideId "6354521"]
[WhiteElo "2218"]
[BlackElo "1887"]
[Result "1-0"]
[Round "11"]
[TimeControl "180+1"]
[Date "2022.03.16"]
[WhiteClock "0:00:09"]
[BlackClock "0:00:33"]

1. Nf3 c5 2. c4 b6 3. Nc3 Bb7 4. e4 e6 5. d4 cxd4 6. Nxd4 a6 7. Be3 Bb4 8. Bd3 Nf6 9. f3 O-O 10. Ne2 d5 11. e5 Nfd7 12. cxd5 Nxe5 13. Bc2 Qxd5 14. O-O Qxd1 15. Rfxd1 Nc4 16. Bc1 b5 17. a3 Bc5+ 18. Kh1 Nc6 19. Ne4 Be3 20. b3 Bxc1 21. bxc4 Bb2 22. Ra2 Be5 23. Nc5 Bc8 24. Be4 bxc4 25. Bxc6 Rb8 26. Rc2 a5 27. Rxc4 Rb2 28. Ng3 g6 29. a4 h5 30. Nge4 h4 31. Nd3 Re2 32. Nxe5 f5 33. Nd6 Rxe5 34. Nxc8 Rxc8 35. Bb5 Rxc4 36. Bxc4 Kf7 37. h3 Kf6 38. Rd6 g5 39. Kh2 Ke7 40. Ra6 Kf6 41. Kg1 g4 42. hxg4 fxg4 43. fxg4 Kg5 44. Rxe6 Rc5 45. Be2 Kf4 46. Kf2 Rc2 47. Rd6 Ra2 48. Rd4+ Kg5 49. Rd5+ Kf4 50. Rxa5 Rb2 51. Ra8 Ra2 52. a5 Ke5 53. a6 Kd6 54. a7 Kc7 55. Rh8 Rxa7 56. Rh7+ Kb6 57. Rxa7 Kxa7 58. Kf3 Kb6 59. Kf4 Kc5 60. Kg5 Kd4 61. Kxh4 Ke3 62. g5 Kxe2 63. g4 Kf3 64. g6 Kf4 65. g7 Ke5 66. g8=Q Kf6 67. Qf8+ Kg6 68. Qg8+ Kh6 69. Qh8+ Kg6 70. Qh5+ Kg7 71. Kg5 Kg8 72. Qg6+ Kf8 73. Qh7 Ke8 74. Kf6 1-0


[Site "https://www.chess.com"]

[Event "Titled Tuesday Blitz March 15 Late 2022"]
[White "Golubka, Petro"]
[Black "Kokoszczynski, Jan"]
[WhiteFideId "14114224"]
[BlackFideId "1174460"]
[WhiteElo "2346"]
[BlackElo "2163"]
[Result "1-0"]
[Round "11"]
[TimeControl "180+1"]
[Date "2022.03.15"]
[WhiteClock "0:00:22"]
[BlackClock "0:00:01"]

1. e4 e5 2. Bc4 Nc6 3. d3 Bc5 4. Nc3 d6 5. a3 Be6 6. Be3 Bxc4 7. dxc4 Bxe3 8. fxe3 Qg5 9. Qe2 Nge7 10. Nf3 Qh6 11. O-O-O O-O-O 12. g4 Qe6 13. Rhg1 f6 14. b4 Rdf8 15. Nh4 g6 16. Nd5 Rf7 17. Rdf1 Rhf8 18. Qd3 Nb8 19. Rf3 c6 20. Nc3 a5 21. bxa5 Na6 22. Na4 Kc7 23. h3 Ra8 24. Rgf1 Raf8 25. Kb2 Nc8 26. Ng2 Nc5 27. Nxc5 dxc5 28. g5 fxg5 29. Rxf7+ Rxf7 30. Rxf7+ Qxf7 31. Qc3 Qe6 32. Ne1 Nd6 33. Nd3 Nxc4+ 34. Ka2 Nxe3+ 35. Kb1 Nc4 36. Nxc5 Qf7 37. Qb4 Kc8 38. Na4 h5 39. Qxc4 Qxc4 40. Nb6+ Kc7 41. Nxc4 g4 42. hxg4 h4 43. Nd2 h3 44. Nf3 Kd6 45. c3 Kc5 46. Kc2 Kb5 47. Kb3 Kxa5 48. c4 b6 49. g5 c5 50. a4 Ka6 51. Kc3 Ka5 52. Kb3 Ka6 53. Nh2 Ka5 54. Ng4 Ka6 55. Ka3 Ka5 56. Kb3 Ka6 57. Kc3 Ka5 58. Kd3 Kxa4 59. Ke3 Kb3 60. Kf3 Kxc4 61. Nxe5+ Kc3 62. Nxg6 b5 63. Nf4 b4 64. Nd5+ Kd4 65. g6 b3 66. g7 b2 67. g8=Q b1=Q 68. Qh8+ Kc4 69. Ne3+ Kd3 70. Qxh3 Qb8 71. Qd7+ Kc3 72. Qg7+ Kb3 73. Qf7+ Ka3 74. e5 Qc8 75. Nc4+ Kb4 76. Nd6 Qh8 77. Ke4 Qh1+ 78. Kf5 Qf1+ 79. Ke6 c4 80. Qxf1 1-0


[Site "https://www.chess.com"]